SAAA
ROYSE CITY TARGARYENS @ ATHLETIC CLUB KC RESERVES
07/25/2032
 
TOP OF THE 1ST
Royse City Targaryens batting - Pitching for Athletic Club KC Reserves : RHP Kas Groen
Pitching: RHP Kas Groen
Batting: LHB Chris Fitzgerald 0-0: Ball
1-0: Ball
2-0: Called Strike
2-1: Ball
3-1: Base on Balls
Batting: LHB Jayden Laming 0-0: Foul Ball, location: 2F
0-1: Ball
1-1: Ball
2-1: Swinging Strike
2-2: Foul Ball, location: 2F
2-2: Ball
3-2: Strikes out swinging
Batting: RHB Cristo Cuervo 0-0: Ball
1-0: SINGLE (Line Drive, 9S)
Chris Fitzgerald to second
Batting: LHB Joe Karnowski 0-0: Called Strike
0-1: Ground out U3 (Groundball, 3S)
Chris Fitzgerald to third
Cristo Cuervo to second
Batting: RHB Manuel Ramos 0-0: Called Strike
0-1: SINGLE (Flyball, 9LS)
Chris Fitzgerald scores
Cristo Cuervo to third
Runner from 3rd tries for Home, SAFE, no throw
Batting: RHB Breanainn Swartwood 0-0: Called Strike
Manuel Ramos steals 2nd base
0-1: Called Strike
0-2: Ball
1-2: Ball
2-2: Ground out U3 (Groundball, 34)
Top of the 1st over - 2 runs, 2 hits, 0 errors, 1 left on base; Royse City 2 - Athletic Club KC 0
BOTTOM OF THE 1ST
Athletic Club KC Reserves batting - Pitching for Royse City Targaryens : RHP Emershan Naidoo
Pitching: RHP Emershan Naidoo
Batting: RHB Arturo Annunziato 0-0: Ball
1-0: Ball
2-0: Called Strike
2-1: Swinging Strike
2-2: Ball
3-2: Strikes out looking
Batting: LHB Tony García 0-0: Ball
1-0: Foul Ball, location: 2F
1-1: Ball
2-1: Ball
3-1: Swinging Strike
3-2: Base on Balls
Batting: SHB Akihiko Fujii 0-0: Called Strike
0-1: Swinging Strike
0-2: SINGLE (Groundball, 5D)
Tony García to second
Batting: LHB Ramón Morterero 0-0: Ball
1-0: SINGLE (Line Drive, 8RS)
Tony García to third
Akihiko Fujii to second
Batting: LHB Michael Woodard 0-0: Swinging Strike
0-1: Swinging Strike
0-2: Ball
1-2: Grounds into double play, 3-6-4 (Groundball, 34)
Bottom of the 1st over - 0 runs, 2 hits, 0 errors, 2 left on base; Royse City 2 - Athletic Club KC 0
TOP OF THE 2ND
Royse City Targaryens batting - Pitching for Athletic Club KC Reserves : RHP Kas Groen
Batting: LHB Fernando Ramírez 0-0: Ball
1-0: Ball
2-0: Ball
3-0: Foul Ball, location: 2F
3-1: Base on Balls
Batting: RHB José García 0-0: Ball
1-0: Foul Ball, location: 2F
1-1: SINGLE (Groundball, 56D) (infield hit)
Fernando Ramírez to second
Batting: LHB Santiago Miranda 0-0: Swinging Strike
0-1: Fly out, F9 (Flyball, 9D)
Runner from 2nd tags up, SAFE at 3rd, no throw
Batting: LHB Chris Fitzgerald 0-0: Ball
José García is caught stealing 2nd base
1-0: Swinging Strike
1-1: Ball
2-1: Fly out, F7 (Flyball, 78M)
Top of the 2nd over - 0 runs, 1 hit, 0 errors, 1 left on base; Royse City 2 - Athletic Club KC 0
BOTTOM OF THE 2ND
Athletic Club KC Reserves batting - Pitching for Royse City Targaryens : RHP Emershan Naidoo
Batting: LHB Kwang-chih Feng 0-0: Called Strike
0-1: Ball
1-1: Ball
2-1: Called Strike
2-2: Foul Ball, location: 2F
2-2: Ground out 5-3 (Groundball, 5L)
Batting: RHB Cristóbal Covarrubiois 0-0: Called Strike
0-1: Ball
1-1: Swinging Strike
1-2: Foul Ball, location: 2F
1-2: Ball
2-2: Ball
3-2: Foul Ball, location: 2F
3-2: Strikes out swinging
Batting: RHB Tasuku Goto 0-0: Ground out 6-3 (Groundball, 6)
Bottom of the 2nd over - 0 runs, 0 hits, 0 errors, 0 left on base; Royse City 2 - Athletic Club KC 0
TOP OF THE 3RD
Royse City Targaryens batting - Pitching for Athletic Club KC Reserves : RHP Kas Groen
Batting: LHB Jayden Laming 0-0: Foul Ball, location: 2F
0-1: Ball
1-1: Foul Ball, location: 2F
1-2: Ball
2-2: Ball
3-2: Foul Ball, location: 2F
3-2: Strikes out swinging
Batting: RHB Cristo Cuervo 0-0: Called Strike
0-1: Ball
1-1: Ground out 5-3 (Groundball, 5)
Batting: LHB Joe Karnowski 0-0: Swinging Strike
0-1: Foul Ball, location: 2F
0-2: Ball
1-2: Ball
2-2: Foul Ball, location: 2F
2-2: Ball
3-2: Strikes out looking
Top of the 3rd over - 0 runs, 0 hits, 0 errors, 0 left on base; Royse City 2 - Athletic Club KC 0
BOTTOM OF THE 3RD
Athletic Club KC Reserves batting - Pitching for Royse City Targaryens : RHP Emershan Naidoo
Batting: RHB Tony Osorio 0-0: Ball
1-0: Ground out 5-3 (Groundball, 56)
Batting: RHB Arturo Annunziato 0-0: Ball
1-0: Ball
2-0: Ball
3-0: Called Strike
3-1: Base on Balls
Batting: LHB Tony García 0-0: Ball
1-0: Grounds into double play, 6-4-3 (Groundball, 6)
Bottom of the 3rd over - 0 runs, 0 hits, 0 errors, 0 left on base; Royse City 2 - Athletic Club KC 0
TOP OF THE 4TH
Royse City Targaryens batting - Pitching for Athletic Club KC Reserves : RHP Kas Groen
Batting: RHB Manuel Ramos 0-0: Called Strike
0-1: Called Strike
0-2: Foul Ball, location: 2F
0-2: Ground out 6-3 (Groundball, 6)
Batting: RHB Breanainn Swartwood 0-0: Swinging Strike
0-1: Ball
1-1: Foul Ball, location: 2F
1-2: Foul Ball, location: 2F
1-2: Ball
2-2: Foul Ball, location: 2F
2-2: Ball
3-2: Foul Ball, location: 2F
3-2: Ground out 6-3 (Groundball, 56)
Batting: LHB Fernando Ramírez 0-0: Foul Ball, location: 2F
0-1: Fly out, F5 (Flyball, 56D)
Top of the 4th over - 0 runs, 0 hits, 0 errors, 0 left on base; Royse City 2 - Athletic Club KC 0
BOTTOM OF THE 4TH
Athletic Club KC Reserves batting - Pitching for Royse City Targaryens : RHP Emershan Naidoo
Batting: SHB Akihiko Fujii 0-0: Called Strike
0-1: Swinging Strike
0-2: Ground out 5-3 (Groundball, 56S)
Batting: LHB Ramón Morterero 0-0: Ball
1-0: Ball
2-0: Ball
3-0: SOLO HOME RUN (Line Drive, 7LD), Distance : 334 ft
Batting: LHB Michael Woodard 0-0: Called Strike
0-1: Ground out 1-3 (Groundball, 13S)
Batting: LHB Kwang-chih Feng 0-0: Called Strike
0-1: Foul Ball, location: 2F
0-2: Fly out, F9 (Flyball, 9)
Bottom of the 4th over - 1 run, 1 hit, 0 errors, 0 left on base; Royse City 2 - Athletic Club KC 1
TOP OF THE 5TH
Royse City Targaryens batting - Pitching for Athletic Club KC Reserves : RHP Kas Groen
Batting: RHB José García 0-0: Ball
1-0: Called Strike
1-1: Ball
2-1: Ground out 6-3 (Groundball, 6M)
Batting: LHB Santiago Miranda 0-0: Swinging Strike
0-1: Ball
1-1: Ball
2-1: Ball
3-1: Ground out 1-3 (Groundball, P)
Batting: LHB Chris Fitzgerald 0-0: Foul Ball, location: 2F
0-1: Swinging Strike
0-2: Ball
1-2: Foul Ball, location: 2F
1-2: SINGLE (Groundball, 34S) (infield hit)
Batting: LHB Jayden Laming 0-0: Ball
1-0: Swinging Strike
1-1: Ball
2-1: Called Strike
2-2: Ground out 4-3 (Groundball, 4M)
Top of the 5th over - 0 runs, 1 hit, 0 errors, 1 left on base; Royse City 2 - Athletic Club KC 1
BOTTOM OF THE 5TH
Athletic Club KC Reserves batting - Pitching for Royse City Targaryens : RHP Emershan Naidoo
Batting: RHB Cristóbal Covarrubiois 0-0: Ground out 5-3 (Groundball, 56S)
Batting: RHB Tasuku Goto 0-0: Called Strike
0-1: Fly out, F8 (Flyball, 8LS)
Batting: RHB Tony Osorio 0-0: Ball
1-0: Called Strike
1-1: Fly out, F7 (Flyball, 7)
Bottom of the 5th over - 0 runs, 0 hits, 0 errors, 0 left on base; Royse City 2 - Athletic Club KC 1
TOP OF THE 6TH
Royse City Targaryens batting - Pitching for Athletic Club KC Reserves : RHP Kas Groen
Batting: RHB Cristo Cuervo 0-0: Called Strike
0-1: Ball
1-1: Foul Ball, location: 2F
1-2: Ball
2-2: Foul Ball, location: 2F
2-2: Strikes out swinging
Pitching: RHP Alfonso Álvarez
Batting: LHB Joe Karnowski 0-0: Foul Ball, location: 2F
0-1: Ball
1-1: Ground out 4-3 (Groundball, 4)
Batting: RHB Manuel Ramos 0-0: Swinging Strike
0-1: Ground out 6-3 (Groundball, 6)
Top of the 6th over - 0 runs, 0 hits, 0 errors, 0 left on base; Royse City 2 - Athletic Club KC 1
BOTTOM OF THE 6TH
Athletic Club KC Reserves batting - Pitching for Royse City Targaryens : RHP Emershan Naidoo
Batting: RHB Arturo Annunziato 0-0: Ball
1-0: Foul Ball, location: 2F
1-1: Called Strike
1-2: Ball
2-2: Strikes out swinging
Batting: LHB Tony García 0-0: Swinging Strike
0-1: Ground out 4-3 (Groundball, 4)
Batting: SHB Akihiko Fujii 0-0: Ball
1-0: Ball
2-0: Ball
3-0: Base on Balls
Batting: LHB Ramón Morterero 0-0: Called Strike
0-1: Ball
1-1: Ball
2-1: Called Strike
2-2: Ground out 4-3 (Groundball, 4)
Bottom of the 6th over - 0 runs, 0 hits, 0 errors, 1 left on base; Royse City 2 - Athletic Club KC 1
TOP OF THE 7TH
Royse City Targaryens batting - Pitching for Athletic Club KC Reserves : RHP Alfonso Álvarez
Batting: RHB Breanainn Swartwood 0-0: Fly out, F4 (Popup, 34)
Batting: LHB Fernando Ramírez 0-0: Called Strike
0-1: Ball
1-1: Foul Ball, location: 2F
1-2: Strikes out swinging
Batting: RHB José García 0-0: Called Strike
0-1: Called Strike
0-2: Ball
1-2: Ground out 4-3 (Groundball, 4)
Top of the 7th over - 0 runs, 0 hits, 0 errors, 0 left on base; Royse City 2 - Athletic Club KC 1
BOTTOM OF THE 7TH
Athletic Club KC Reserves batting - Pitching for Royse City Targaryens : RHP Emershan Naidoo
Batting: LHB Michael Woodard 0-0: Called Strike
0-1: Foul Ball, location: 2F
0-2: Ball
1-2: Strikes out looking
Batting: LHB Kwang-chih Feng 0-0: Ball
1-0: Ball
2-0: SINGLE (Groundball, 4MD)
Batting: RHB Cristóbal Covarrubiois 0-0: Ball
1-0: Ball
2-0: Ball
3-0: Called Strike
3-1: Called Strike
3-2: Grounds into double play, 4-6-3 (Groundball, 4)
Bottom of the 7th over - 0 runs, 1 hit, 0 errors, 0 left on base; Royse City 2 - Athletic Club KC 1
TOP OF THE 8TH
Royse City Targaryens batting - Pitching for Athletic Club KC Reserves : RHP Alfonso Álvarez
Batting: LHB Santiago Miranda 0-0: Hit by Pitch
Batting: LHB Chris Fitzgerald 0-0: Ball
1-0: Ball
2-0: Ball
3-0: Called Strike
3-1: Swinging Strike
3-2: SINGLE (Groundball, 4MD)
Santiago Miranda to second
Batting: LHB Jayden Laming 0-0: Called Strike
0-1: Foul Ball, location: 2F
0-2: Ball
1-2: Ball
2-2: Strikes out swinging
Pinch Hitting: LHB Gary Malone 0-0: Ball
1-0: Called Strike
1-1: Ball
2-1: Called Strike
2-2: Strikes out swinging
Batting: LHB Joe Karnowski 0-0: Called Strike
0-1: Ball
1-1: Called Strike
1-2: Ball
2-2: 3-RUN HOME RUN (Flyball, 9LD), Distance : 321 ft
Pitching: RHP Marcos López
Batting: RHB Manuel Ramos 0-0: Called Strike
0-1: Ball
1-1: Called Strike
1-2: Ball
2-2: Fly out, F6 (Line Drive, 6)
Top of the 8th over - 3 runs, 2 hits, 0 errors, 0 left on base; Royse City 5 - Athletic Club KC 1
BOTTOM OF THE 8TH
Athletic Club KC Reserves batting - Pitching for Royse City Targaryens : RHP Emershan Naidoo
Now in LF: Gary Malone
Batting: RHB Tasuku Goto 0-0: Ball
1-0: Foul Ball, location: 2F
1-1: Foul Ball, location: 2F
1-2: Strikes out swinging
Batting: RHB Tony Osorio 0-0: Ball
1-0: Ground out 5-3 (Groundball, 56S)
Batting: RHB Arturo Annunziato 0-0: Ball
1-0: Ball
2-0: Foul Ball, location: 2F
2-1: Ball
3-1: Foul Ball, location: 2F
3-2: Foul Ball, location: 2F
3-2: Foul Ball, location: 2F
3-2: Ground out 4-3 (Groundball, 4M)
Bottom of the 8th over - 0 runs, 0 hits, 0 errors, 0 left on base; Royse City 5 - Athletic Club KC 1
TOP OF THE 9TH
Royse City Targaryens batting - Pitching for Athletic Club KC Reserves : RHP Marcos López
Pitching: LHP Hezekiah Grimsley
Batting: RHB Breanainn Swartwood 0-0: Fly out, F8 (Line Drive, 8RM)
Batting: LHB Fernando Ramírez 0-0: Ball
1-0: Swinging Strike
1-1: Ball
2-1: Called Strike
2-2: Foul Ball, location: 2F
2-2: Ball
3-2: Strikes out swinging
Batting: RHB José García 0-0: SINGLE (Groundball, 4) (infield hit)
Batting: LHB Santiago Miranda 0-0: Ball
1-0: Foul Ball, location: 2F
1-1: Swinging Strike
1-2: Strikes out looking
Top of the 9th over - 0 runs, 1 hit, 0 errors, 1 left on base; Royse City 5 - Athletic Club KC 1
BOTTOM OF THE 9TH
Athletic Club KC Reserves batting - Pitching for Royse City Targaryens : RHP Emershan Naidoo
Pitching: RHP Josef van der Poel
Batting: LHB Tony García 0-0: Called Strike
0-1: Ball
1-1: Ball
2-1: Foul Ball, location: 2F
2-2: Foul Ball, location: 2F
2-2: Ball
3-2: Fly out, F6 (Popup, 6)
Batting: SHB Akihiko Fujii 0-0: Swinging Strike
0-1: SINGLE (Line Drive, 8RS)
Batting: LHB Ramón Morterero 0-0: Called Strike
0-1: Ball
1-1: Called Strike
1-2: Ball
2-2: Fly out, F6 (Popup, 6M)
Batting: LHB Michael Woodard 0-0: Ball
1-0: Called Strike
1-1: Called Strike
1-2: Ball
2-2: Ball
3-2: Foul Ball, location: 2F
3-2: Fly out, F9 (Flyball, 89M)
Bottom of the 9th over - 0 runs, 1 hit, 0 errors, 1 left on base; Royse City 5 - Athletic Club KC 1
Wednesday, September 19th, 2018 - OOTP Baseball 18.8 Build 76